[Event "*** SCC Grand Prix: Titled Tuesday Blitz"]
[Site "Chess.com"]
[Date "2020.08.25"]
[Round "7"]
[White "Shubinkirill2003"]
[Black "SilviusTiberius"]
[Result "1-0"]
[WhiteElo "2645"]
[BlackElo "2472"]
[TimeControl "180+1"]
[EndTime "11:19:54 PDT"]
[Termination "Shubinkirill2003 won by resignation"]

1. e4 c5 2. Nf3 Nc6 3. Bb5 g6 4. Bxc6 dxc6 5. d3 Bg7 6. h3 Nf6 7. a4 a5 8. Nbd2 Nd7 9. Nc4 b5 10. Ncd2 c4 11. dxc4 bxc4 12. c3 Nc5 13. O-O Ba6 14. e5 Qd5 15. Qe2 O-O 16. Nd4 Nb3 17.
N4xb3 cxb3 18. c4 Qxe5 19. Qxe5 Bxe5 20. Re1 Bg7 21. Nxb3 Bxc4 22. Nc5 e6 23. Rb1 Rfd8 24. b3 Bd3 25. Nxd3 Rxd3 26. Bf4 Rad8 27. Bc7 R8d5 28. Rec1 Bc3 29. Rc2 Rd1+ 30. Rxd1 Rxd1+ 31. Kh2 Rd3 32. Bb6 e5 33. g3 f5 34. Kg2 Kf7 35. h4 Ke6 36.
Kf1 Kd5 37. Ke2 e4 38. Be3 Bb4 39. Rb2 c5 40. f3 exf3+ 41. Kxd3 1-0

[Event "*** SCC Grand Prix: Titled Tuesday Blitz"]
[Site "Chess.com"]
[Date "2020.08.25"]
[Round "7"]
[White "narutosmith"]
[Black "zmeeed67"]
[Result "1-0"]
[WhiteElo "2290"]
[BlackElo "2418"]
[TimeControl "180+1"]
[EndTime "11:19:55 PDT"]
[Termination "narutosmith won on time"]

1. c4 Nc6 2. Nc3 Nf6 3. Nf3 d6 4. g3 Bg4 5. Bg2 e5 6. d3 h6 7. h3 Bh5 8. Rb1 Be7 9. b4 O-O 10. b5 Na5 11. O-O c6 12. bxc6 bxc6 13. g4 Bg6 14.
Nh4 Bh7 15. Nf5 Bxf5 16. gxf5 d5 17. Qa4 d4 18. Ne4 Nxe4 19. Bxe4 Bg5 20. Ba3 Re8 21.
Bb4 Bf4 22. Bxa5 Qg5+ 23. Bg2 Qh4 24. Qxc6 Rac8 25. Qf3 g6 26. Qg4 Qf6 27. fxg6 fxg6 28. Kh1 h5 29. Qf3 e4 30. dxe4 Rxc4 31. Qb3 Qf7 32. Qb7 Qe6 33. Qd5 Rc2 34. Bf3 Kg7 35. Rb7+ Kh6 36. Qxe6 Rxe6 37. Rxa7 Rxa2 38. Bb6 1-0

[Event "*** SCC Grand Prix: Titled Tuesday Blitz"]
[Site "Chess.com"]
[Date "2020.08.25"]
[Round "7"]
[White "Schachmalanders"]
[Black "AndreyNeves"]
[Result "0-1"]
[WhiteElo "2329"]
[BlackElo "2205"]
[TimeControl "180+1"]
[EndTime "11:19:55 PDT"]
[Termination "AndreyNeves won by resignation"]

1. e4 c5 2. Nc3 Nc6 3. g3 g6 4. Bg2 Bg7 5. Nge2 d6 6. d3 e6 7.
Be3 Nd4 8. Qd2 Rb8 9. O-O b5 10.
f4 b4 11. Nd1 Ne7 12. f5 exf5 13. Nxd4 cxd4 14. Bh6 O-O 15. Nf2 d5 16. Nh3 dxe4 17. dxe4 fxe4 18. Bxg7 Kxg7 19. Qf4 Bxh3 20. Bxh3 f5 21. g4 Qb6 22. Kh1 Qf6 23. gxf5 gxf5 24. Rg1+ Kh8 25. Rg5 Nd5 26. Qh4 Rg8 27. Rag1 Rxg5 28.
Rxg5 Rg8 29. Bxf5 h6 30. Rxg8+ Kxg8 31. Qxe4 Ne7 32. Bh3 Qc6 33. Bg2 Qxe4 34. Bxe4 Kf7 35. Kg2 Kf6 36. Kf3 Ke5 37. h4 a5 38. Bd3 Nd5 39. Kg4 Nf6+ 40. Kf3 Nd5 41. Bc4 Ne3 42. Bd3 Nd1 43. Kg4 Nxb2 44. Kh5 Nxd3 45. cxd3 a4 46. Kxh6 b3 47. axb3 axb3 48. Kg6 b2 49. h5 b1=Q 50. h6 Qxd3+ 51. Kg7 Qg3+ 0-1

[Event "*** SCC Grand Prix: Titled Tuesday Blitz"]
[Site "Chess.com"]
[Date "2020.08.25"]
[Round "7"]
[White "Moon_stone123"]
[Black "Marty435"]
[Result "0-1"]
[WhiteElo "2521"]
[BlackElo "2626"]
[TimeControl "180+1"]
[EndTime "11:19:56 PDT"]
[Termination "Marty435 won on time"]

1. e4 e6 2. d4 d5 3. Nd2 Nc6 4. Ngf3 Nf6 5. e5 Nd7 6. Bd3 f6 7. exf6 Qxf6 8. O-O Bd6 9. c3 O-O 10. Re1 e5 11. dxe5 Ndxe5 12. Be2 Bg4 13. c4 Nxf3+ 14. Bxf3 Bxf3 15. Qxf3 Qxf3 16. gxf3 dxc4 17. Nxc4 Nd4 18. Rd1 Nxf3+ 19. Kg2 Bxh2 20. Be3 c6 21. Rd7 Ne5 22.
Nxe5 Bxe5 23. Rxb7 Rfb8 24. Rxa7 Rxa7 25. Bxa7 Rxb2 26.
Rc1 Rxa2 27. Bb6 Ra6 28. Rxc6 Kf7 29. Rc5 Bd6 30. Rc6 Ke6 31. Rc2 Rxb6 32. Re2+ Kf7 33.
Kf3 Be7 34. Ra2 Rf6+ 35. Ke4 Bc5 36. f4 Bd6 37. f5 Be7 38. Ra7 Rb6 39. Kd5 Rb4 0-1

[Event "*** SCC Grand Prix: Titled Tuesday Blitz"]
[Site "Chess.com"]
[Date "2020.08.25"]
[Round "7"]
[White "ChelsieMonica"]
[Black "JesseKraai"]
[Result "1-0"]
[WhiteElo "2411"]
[BlackElo "2540"]
[TimeControl "180+1"]
[EndTime "11:19:56 PDT"]
[Termination "ChelsieMonica won by resignation"]

1. c4 b6 2. Nc3 Bb7 3. Nf3 e6 4. g3 Bxf3 5. exf3 Nf6 6. Bg2 d5 7. O-O c6 8. cxd5 cxd5 9. d4 Be7 10. f4 O-O 11. Qd3 g6 12. h3 Nc6 13. g4 Bb4 14. f5 exf5 15. gxf5 Bxc3 16. bxc3 Nh5 17. Re1 Qd7 18.
Qf3 Ne7 19. Bg5 Nxf5 20. Qxd5 Qxd5 21. Bxd5 Rac8 22. Rac1 h6 23. Bd2 Nf6 24. Bb3 Kg7 25.
Bf4 Nh5 26. Be5+ f6 27. Bh2 Rfe8 28. Be6 Rcd8 29. Bc7 Ra8 30. Bd7 Rxe1+ 31. Rxe1 Kf7 32. Be6+ Kf8 33. Bxf5 gxf5 34. Bd6+ Kg8 35. Kg2 Rc8 36.
Re3 Rc6 37. Bb8 a6 38. Kf3 Kf7 39. a4 Ng7 40. d5 Rc8 41. Bf4 Rd8 42. c4 Rd7 43. Rb3 Rb7 44. c5 Ne8 45. c6 Ra7 46. Rxb6 Ke7 47. a5 Nd6 48. Be3 Ra8 49. Bc5 Rc8 50.
Rb7+ 1-0

[Event "*** SCC Grand Prix: Titled Tuesday Blitz"]
[Site "Chess.com"]
[Date "2020.08.25"]
[Round "7"]
[White "ditkin25"]
[Black "monalize"]
[Result "0-1"]
[WhiteElo "2406"]
[BlackElo "2288"]
[TimeControl "180+1"]
[EndTime "11:19:56 PDT"]
[Termination "monalize won by resignation"]

1. e4 c5 2. Nf3 d6 3. Bb5+ Nd7 4. d4 a6 5. Be2 cxd4 6. Qxd4 Ngf6 7. O-O e5 8. Qe3 b5 9. c4 bxc4 10. Bxc4 Be7 11.
Bxf7+ Kxf7 12. Ng5+ Kg8 13. Ne6 Qb6 14. Qg3 g6 15.
Nc3 Nc5 16. Ng5 Qb7 17. Re1 Nh5 18. Qf3 Bxg5 19. Bxg5 Qf7 20. Qd1 h6 21. Qxd6 Nb7 22. Qc6 hxg5 23. Nd5 Be6 24. Nc7 Rc8 25. Rac1 Nd8 26.
Qd6 Kg7 27. Qxe5+ Nf6 28. Nxe6+ Nxe6 29. h3 Rxc1 30. Rxc1 Qf8 31. Qxe6 Qf7 32. Qe5 Re8 33. Qa5 Nxe4 34. Rc7 Re7 35. Qe5+ Rxe5 36. Rxf7+ Kxf7 0-1

[Event "*** SCC Grand Prix: Titled Tuesday Blitz"]
[Site "Chess.com"]
[Date "2020.08.25"]
[Round "7"]
[White "BeanScreen"]
[Black "PlotnikovPavel"]
[Result "1-0"]
[WhiteElo "2691"]
[BlackElo "2481"]
[TimeControl "180+1"]
[EndTime "11:19:57 PDT"]
[Termination "BeanScreen won by resignation"]

1. e4 e6 2. d4 d5 3. Nc3 Nf6 4.
Bg5 Be7 5. e5 Nfd7 6. h4 c5 7.
Bxe7 Kxe7 8. dxc5 Nc6 9. Qd2 Nxc5 10. O-O-O a6 11. Nf3 b5 12. Nd4 Nxd4 13. Qxd4 Qb6 14.
Qxd5 Bb7 15. Qd6+ Qxd6 16. exd6+ Kd7 17. Be2 b4 18. Nb1 Rac8 19. Nd2 Kxd6 20. Ne4+ Ke7 21. Nd6 Rc7 22. Nxb7 Rxb7 23. Bf3 Rc7 24. Rd4 b3 25. Kb1 bxc2+ 26. Kxc2 Rb8 27. Kb1 Nd7 28. Rhd1 Ne5 29. Be2 Rcb7 30. R1d2 a5 31. Ra4 Ra7 32. f4 Nd7 33.
Bf3 Nb6 34. Rad4 Rd7 35. Rxd7+ Nxd7 36. g3 e5 37. Bc6 Rd8 38. Rxd7+ Rxd7 39. Bxd7 Kxd7 40.
fxe5 Ke6 41. Kc2 Kxe5 42. Kc3 f5 43. b4 axb4+ 44. Kxb4 Kd6 45. Kc4 g6 46. Kd4 h6 47.
a4 g5 48. h5 Ke6 49. a5 Kd6 50. a6 Kc7 51. Ke5 f4 52. gxf4 gxf4 53. Kxf4 Kb6 54. Kf5 Kxa6 55. Kg6 Kb7 56. Kxh6 Kc7 57. Kg7 Kd7 58.
h6 Ke7 59. h7 Ke6 60. h8=Q 1-0

[Event "*** SCC Grand Prix: Titled Tuesday Blitz"]
[Site "Chess.com"]
[Date "2020.08.25"]
[Round "7"]
[White "Legendinunknown"]
[Black "KaterinaMiroshnik"]
[Result "1-0"]
[WhiteElo "2665"]
[BlackElo "2437"]
[TimeControl "180+1"]
[EndTime "11:19:58 PDT"]
[Termination "Legendinunknown won by resignation"]

1. d4 e6 2. c4 d5 3. Nc3 Nf6 4. Nf3 Be7 5. Bf4 O-O 6. e3 b6 7.
cxd5 Nxd5 8. Nxd5 exd5 9. Bd3 c5 10. O-O Be6 11. Ne5 c4 12. Bc2 Nd7 13. Nc6 Qe8 14. e4 Nf6 15. Nxe7+ Qxe7 16. e5 Nd7 17. Bg3 f5 18.
exf6 Nxf6 19. Be5 Qf7 20. f4 Bd7 21. f5 Rfe8 22. Qf3 Bc6 23. Rae1 Ne4 24. Qg4 b5 25. Rf4 Nf6 26. Qf3 b4 27. g4 a5 28. g5 Ne4 29.
h4 a4 30. Qg4 Qd7 31. Bxe4 dxe4 32. Re3 a3 33. bxa3 Rxa3 34. Rxa3 bxa3 35. Kh2 e3 36. f6 Qxg4 37. f7+ Kf8 38. Bd6+ Re7 39. Bxe7+ 1-0

[Event "*** SCC Grand Prix: Titled Tuesday Blitz"]
[Site "Chess.com"]
[Date "2020.08.25"]
[Round "7"]
[White "Region_07"]
[Black "PawnEatingZombie"]
[Result "1-0"]
[WhiteElo "2374"]
[BlackElo "2226"]
[TimeControl "180+1"]
[EndTime "11:19:59 PDT"]
[Termination "Region_07 won on time"]

1. e4 c6 2. d3 d5 3. Nd2 e5 4. g3 Bd6 5. Bg2 Nf6 6. Ngf3 O-O 7.
O-O Re8 8. Re1 Nbd7 9. h3 Qc7 10. d4 Nxe4 11. Nxe4 dxe4 12. dxe5 Nxe5 13. Nxe5 Bxe5 14.
Rxe4 Bf5 15. Re2 Rad8 16. Qe1 Bd7 17. Bg5 f6 18. Be3 Bxb2 19. Rb1 Ba3 20. Bxa7 b5 21.
Rxe8+ Rxe8 22. Be3 Bc5 23. Rb3 Qb6 24. Qd2 Bxe3 25.
fxe3 Bf5 26. Rc3 c5 27. Qd5+ Be6 28. Qxc5 Qxc5 29. Rxc5 Bxa2 30. Rxb5 Rxe3 31. Kf2 Rc3 32. Rb2 Be6 33. g4 f5 34. g5 f4 35. Be4 Bxh3 36.
Ke2 g6 37. Kd2 Re3 38. Bd5+ Kg7 39. c4 1-0

[Event "*** SCC Grand Prix: Titled Tuesday Blitz"]
[Site "Chess.com"]
[Date "2020.08.25"]
[Round "7"]
[White "lifeissofun"]
[Black "MFBerna"]
[Result "0-1"]
[WhiteElo "2267"]
[BlackElo "2450"]
[TimeControl "180+1"]
[EndTime "11:20:00 PDT"]
[Termination "MFBerna won on time"]

1. e4 c5 2. Nf3 d6 3. d4 cxd4 4. Nxd4 Nf6 5. Nc3 a6 6. h3 e5 7. Nb3 Be6 8. f4 Be7 9. Be3 exf4 10. Bxf4 Nc6 11. Qe2 O-O 12. O-O-O Qc7 13. g4 Ne5 14. g5 Nfd7 15. Nd4 b5 16. Nf5 Rfe8 17. h4 Rac8 18. h5 b4 19. Nd5 Bxd5 20. Rxd5 Bf8 21. Qd1 Nb6 22. Rd4 a5 23. Nxd6 Bxd6 24. Rxd6 Nec4 25. Rf6 Qc5 26. Rf5 Qc6 27. Bg2 Nxb2 28. g6 Nxd1 29.
gxf7+ Kh8 30. fxe8=Q+ Rxe8 31. Rxd1 h6 32. Rd6 Qb7 33. Rg6 Nc4 34. e5 Qd7 35. e6 Qd4 0-1

[Event "*** SCC Grand Prix: Titled Tuesday Blitz"]
[Site "Chess.com"]
[Date "2020.08.25"]
[Round "7"]
[White "JozefKneht"]
[Black "Ze-Pequeno"]
[Result "1-0"]
[WhiteElo "2449"]
[BlackElo "2146"]
[TimeControl "180+1"]
[EndTime "11:20:01 PDT"]
[Termination "JozefKneht won on time"]

1. Nf3 Nf6 2. d4 g6 3. Bf4 Bg7 4. e3 O-O 5. Be2 b6 6. O-O d6 7.
h3 Bb7 8. a4 a5 9. Na3 Nbd7 10. Bh2 e6 11. Nb5 Ne8 12. c4 Qe7 13. Nc3 f5 14. Qc2 h6 15. Rad1 g5 16. e4 g4 17. hxg4 fxg4 18. Ne1 Qg5 19. f4 Qg6 20. f5 exf5 21. exf5 Qg5 22. Bg3 Nef6 23. d5 Nh5 24.
Ne4 Qe7 25. Bxg4 Nxg3 26. Nxg3 Qh4 27. f6 Qxg3 28. Bxd7 Bxf6 29. Rf3 Qg7 30. Be6+ Kh8 31. Rdd3 Bd4+ 32. Kh1 Bxb2 33. Rxf8+ Rxf8 34. Nf3 Bf6 35. Re3 Qg3 36. Qe4 Be5 37. Re2 Rf4 38. Qe3 Rh4+ 39. Kg1 1-0

[Event "*** SCC Grand Prix: Titled Tuesday Blitz"]
[Site "Chess.com"]
[Date "2020.08.25"]
[Round "7"]
[White "Quiet_Desperation"]
[Black "DarZay"]
[Result "1-0"]
[WhiteElo "2280"]
[BlackElo "2124"]
[TimeControl "180+1"]
[EndTime "11:20:01 PDT"]
[Termination "Quiet_Desperation won by checkmate"]

1. e4 e5 2. Nf3 Nc6 3. Bc4 Bc5 4. b4 Bxb4 5. c3 Ba5 6. O-O Nf6 7. d4 Nxe4 8. dxe5 O-O 9. Qd5 Nxc3 10. Nxc3 Bxc3 11. Bd3 Bxa1 12. Bxh7+ Kh8 13. Bb1 Ne7 14. Qe4 Ng6 15.
Qg4 d5 16. Qh5+ Kg8 17. Ng5 Re8 18. Bxg6 Bd4 19. Bxf7+ Kf8 20. Nh7+ Ke7 21. Bg5+ Kd7 22. e6+ Kd6 23. Bxd8 Rxd8 24. Qh4 Rh8 25. Qxd4 Rxh7 26.
e7 Bd7 27. e8=Q Bxe8 28. Bxe8 Rxe8 29. Qxa7 Rhh8 30. Qxb7 Rb8 31. Qa6+ Rb6 32. Qd3 Rhb8 33. Qg3+ Kd7 34. Qxg7+ Kd6 35. h4 Rb1 36. Rxb1 Rxb1+ 37. Kh2 Rb6 38. h5 Kc5 39. h6 Kb5 40. h7 c5 41.
h8=Q c4 42. Qb2+ Kc5 43. Qf8+ Kc6 44. Qff6+ Kc7 45. Qfxb6+ Kd7 46. Qg7+ Kc8 47. Qbc7# 1-0

[Event "*** SCC Grand Prix: Titled Tuesday Blitz"]
[Site "Chess.com"]
[Date "2020.08.25"]
[Round "7"]
[White "Beltraxtor"]
[Black "Gabrielian_Artur"]
[Result "1-0"]
[WhiteElo "2554"]
[BlackElo "2704"]
[TimeControl "180+1"]
[EndTime "11:20:02 PDT"]
[Termination "Beltraxtor won on time"]

1. e4 c5 2. Nf3 d6 3. Bb5+ Nd7 4. d4 cxd4 5. Qxd4 a6 6. Bxd7+ Bxd7 7. Nc3 Nf6 8. Bg5 e6 9. O-O Be7 10. a4 O-O 11. Qd3 Bc6 12. Nd4 Rc8 13. Rad1 Qb6 14. b3 Rfe8 15. Be3 Qc7 16. f3 d5 17. exd5 Bxd5 18.
Nce2 Red8 19. c4 Bc6 20. Qb1 Be8 21. Rd2 Bb4 22. Rd3 Bc5 23. Rfd1 h6 24. Kh1 b6 25.
a5 bxa5 26. Nxe6 fxe6 27. Rxd8 Rxd8 28. Rxd8 Bxe3 29. Ra8 Qc6 30. Rd8 Bb6 31. Rd1 e5 32. Nc3 Bd7 33. Qg6 Be8 34. Qf5 Qc5 35. Na4 Qc7 36.
Qe6+ Bf7 37. Qxb6 Qe7 38. Qd8+ Qxd8 39. Rxd8+ Kh7 40. Rd6 e4 41. fxe4 Nxe4 42. Rxa6 Nd2 43. Nc5 1-0

[Event "*** SCC Grand Prix: Titled Tuesday Blitz"]
[Site "Chess.com"]
[Date "2020.08.25"]
[Round "7"]
[White "MariaFominykh"]
[Black "Panterov"]
[Result "0-1"]
[WhiteElo "2280"]
[BlackElo "2014"]
[TimeControl "180+1"]
[EndTime "11:20:02 PDT"]
[Termination "Panterov won by resignation"]

1. d4 d5 2. c4 c6 3. Nf3 Nf6 4.
Nc3 e6 5. Bg5 Be7 6. e3 h6 7.
Bxf6 Bxf6 8. Bd3 O-O 9. O-O Nd7 10. cxd5 exd5 11. b4 a6 12. Rb1 Re8 13. a4 Nf8 14. Qc2 Bg4 15. Nd2 Rc8 16. Bf5 Bxf5 17. Qxf5 Ng6 18. Rfc1 Ne7 19. Qg4 Qd6 20. Nb3 b6 21.
a5 Qxb4 22. axb6 Qxb6 23. Nc5 Qa5 24. Ra1 Qd8 25. Rxa6 Ra8 26. Rca1 Rxa6 27. Rxa6 Qb8 28. h4 Qb2 29. N3a4 Qc1+ 30. Kh2 Qf1 31. Kg3 Ng6 32. Rxc6 Bxh4+ 33. Kh2 Bxf2 34. Qf3 Qg1+ 35. Kh3 Qh1+ 36. Kg4 Qh4+ 37. Kf5 Ne7+ 38. Ke5 Nxc6+ 39. Kxd5 Ne7+ 40. Kc4 Ng6 41. Nb6 Rxe3 42. Qa8+ Kh7 43. Nbd7 Re1 44. Nf8+ Nxf8 45. Qxf8 Qxd4+ 0-1

[Event "*** SCC Grand Prix: Titled Tuesday Blitz"]
[Site "Chess.com"]
[Date "2020.08.25"]
[Round "7"]
[White "icychess54"]
[Black "grandcoach"]
[Result "1-0"]
[WhiteElo "2240"]
[BlackElo "2097"]
[TimeControl "180+1"]
[EndTime "11:20:02 PDT"]
[Termination "icychess54 won on time"]

1. c4 Nf6 2. Nf3 e6 3. Nc3 d5 4. e3 c5 5. cxd5 Nxd5 6. Bb5+ Bd7 7. O-O Bd6 8. Bxd7+ Nxd7 9. Nxd5 exd5 10. d4 c4 11.
b3 b5 12. Re1 Nf6 13. Ne5 O-O 14. Qf3 Rc8 15. g4 Ne4 16. a4 cxb3 17. axb5 Bxe5 18.
dxe5 Rc2 19. Rb1 Rxf2 20. Qh3 Qc7 21. Rxb3 Qc2 22. Rb2 Qc3 23. Rxf2 Qxe1+ 24. Rf1 Qb4 25. Qf3 Qxb5 26. e6 Ng5 27. Qf5 Nxe6 28. Ba3 Qe8 29. Bxf8 Qxf8 30. Qxd5 g6 31. Ra1 Qe7 32. Qa8+ Kg7 33. Qxa7 Qg5 34. Ra4 h5 35. h3 Qh4 36.
Kg2 Qe1 37. Ra2 h4 38. Rf2 Ng5 39. Qc5 1-0

[Event "*** SCC Grand Prix: Titled Tuesday Blitz"]
[Site "Chess.com"]
[Date "2020.08.25"]
[Round "7"]
[White "Skatchkov_V"]
[Black "Fandorine"]
[Result "1-0"]
[WhiteElo "2700"]
[BlackElo "2904"]
[TimeControl "180+1"]
[EndTime "11:20:03 PDT"]
[Termination "Skatchkov_V won by resignation"]

1. c4 g6 2. Nc3 Bg7 3. Nf3 Nf6 4. g3 O-O 5. Bg2 d6 6. d3 c5 7. O-O Nc6 8. Bd2 b6 9. Rb1 Bb7 10. a3 Qd7 11. b4 e6 12. e3 Rfd8 13. Ne1 Rac8 14.
f4 Ne7 15. Bxb7 Qxb7 16. e4 Nc6 17. bxc5 dxc5 18. e5 Ne8 19. Ne4 Nd4 20. Ng2 f5 21. exf6 Nxf6 22. Nxf6+ Bxf6 23. Bc3 Bg7 24. Ne3 Nf5 25.
Nxf5 Bxc3 26. Ne3 Qd7 27. Qg4 Kh8 28. Rbd1 Bd4 29. Rde1 Qa4 30. Kg2 Qxa3 31. Qxe6 Re8 32. Qd7 Rcd8 33. Nc2 Rf8 34. Qxd8 Rxd8 35. Nxa3 a6 36. Re6 Bb2 37. Nc2 Rxd3 38. Rxb6 Bc3 39. Rxa6 Kg7 40. Rf3 Rd2+ 41. Rf2 Rd7 42. Re2 Kh6 43.
Ne3 Rd3 44. Ng4+ Kh5 45. Ne5 Rd1 46. Ra7 h6 47. h3 g5 48. g4+ 1-0

[Event "*** SCC Grand Prix: Titled Tuesday Blitz"]
[Site "Chess.com"]
[Date "2020.08.25"]
[Round "7"]
[White "DenLaz"]
[Black "CHESSMASTER759"]
[Result "0-1"]
[WhiteElo "2697"]
[BlackElo "2551"]
[TimeControl "180+1"]
[EndTime "11:20:03 PDT"]
[Termination "CHESSMASTER759 won on time"]

1. e4 d5 2. exd5 Qxd5 3. Nc3 Qa5 4. g3 Nf6 5. Bg2 c6 6. Nge2 Bg4 7. O-O e6 8. h3 Bh5 9. d3 Nbd7 10. Rb1 h6 11. Qe1 Bg6 12. Bd2 Qc7 13. b4 a6 14.
a4 Bd6 15. b5 axb5 16. axb5 O-O 17. bxc6 bxc6 18. Nd4 Nd5 19. Ne4 Bxe4 20. Qxe4 Ra2 21. Rfd1 N7f6 22. Qf3 Nd7 23. h4 Ne5 24. Qe2 Nd7 25.
Qe1 Be7 26. c4 Bf6 27. cxd5 Bxd4 28. dxe6 Ne5 29. Be3 Bxe3 30. Qxe3 Ng4 31. Qd4 h5 32. Rb2 Rxb2 33. Qxb2 fxe6 34. Rf1 c5 35. Qb3 Qd6 36. Be4 g5 37. hxg5 h4 38. Qd1 Nxf2 39. Rxf2 Qd4 40. Qe1 hxg3 41. Kg2 Qxf2+ 42. Qxf2 gxf2 43.
Kf1 Rf4 44. g6 Kg7 0-1

[Event "*** SCC Grand Prix: Titled Tuesday Blitz"]
[Site "Chess.com"]
[Date "2020.08.25"]
[Round "7"]
[White "lider34"]
[Black "AldokhinIvan"]
[Result "1-0"]
[WhiteElo "2410"]
[BlackElo "2531"]
[TimeControl "180+1"]
[EndTime "11:20:03 PDT"]
[Termination "lider34 won on time"]

1. e4 e6 2. d4 d5 3. exd5 exd5 4.
Nf3 Nc6 5. Bd3 Be6 6. c3 f6 7.
O-O Qd7 8. Re1 O-O-O 9. Nbd2 g5 10. b4 Bd6 11. Nb3 b6 12. Nc5 Bxc5 13. bxc5 Nge7 14.
cxb6 cxb6 15. Bb5 Kb8 16. Ba3 Rc8 17. Qe2 Bg4 18. Bxe7 Rhe8 19. Bxc6 Qxc6 20. Qd3 h5 21. h3 Bd7 22. Bb4 g4 23. hxg4 hxg4 24. Nd2 f5 25. Qg3+ Ka8 26. Qd6 Qb5 27. a4 Rxe1+ 28. Rxe1 Qxa4 29. Qxd5+ Bc6 30. Qxf5 Rg8 31. d5 Bd7 32.
Qf7 Rc8 33. Re7 Qd1+ 34. Nf1 Rh8 35. Rxd7 Rh1+ 36. Kxh1 Qxf1+ 37. Kh2 g3+ 38. Kxg3 Qd3+ 39. f3 1-0

[Event "*** SCC Grand Prix: Titled Tuesday Blitz"]
[Site "Chess.com"]
[Date "2020.08.25"]
[Round "7"]
[White "alexrustemov"]
[Black "rynos0411"]
[Result "1-0"]
[WhiteElo "2639"]
[BlackElo "2427"]
[TimeControl "180+1"]
[EndTime "11:20:04 PDT"]
[Termination "alexrustemov won by resignation"]

1. c4 Nf6 2. Nc3 c6 3. d4 d5 4. e3 e6 5. Nf3 Bd6 6. Qc2 O-O 7. Bd2 Nbd7 8. O-O-O e5 9. cxd5 cxd5 10. Nb5 Bb8 11.
dxe5 Nxe5 12. Nxe5 Bxe5 13. Bc3 Qe7 14. Kb1 Bxc3 15.
Nxc3 Be6 16. Be2 Rac8 17. Bf3 b5 18. Qd3 Rfd8 19. Rc1 b4 20. Ne2 Ne4 21. Rxc8 Rxc8 22. Bxe4 dxe4 23. Qd2 Bc4 24. Nd4 Bd3+ 25. Ka1 Qc5 26.
b3 a5 27. Kb2 a4 28. bxa4 Qc3+ 29. Qxc3 bxc3+ 30. Kb3 c2 31. Rc1 Rb8+ 32. Kc3 Ra8 33.
Nxc2 Rxa4 34. Kb2 Bxc2 35. Rxc2 f5 36. Kb3 Ra7 37. a4 Kf7 38. Ra2 Ke6 39. a5 Kd5 40. a6 g5 41. Kb4 Kc6 42. g3 h5 43. Kc4 h4 44. gxh4 gxh4 45. Kd4 Kd6 46. h3 Ke6 47. Kc5 Ke5 48. Kb6 Rh7 49. a7 Rh6+ 50.
Kc5 Rh8 51. a8=Q 1-0

[Event "*** SCC Grand Prix: Titled Tuesday Blitz"]
[Site "Chess.com"]
[Date "2020.08.25"]
[Round "7"]
[White "DishonorOnYourCow"]
[Black "Schandenfreude"]
[Result "0-1"]
[WhiteElo "2354"]
[BlackElo "2504"]
[TimeControl "180+1"]
[EndTime "11:20:04 PDT"]
[Termination "Schandenfreude won on time"]

1. d4 Nf6 2. c4 e6 3. Nf3 b6 4.
g3 Ba6 5. Qc2 Bb4+ 6. Bd2 Bxd2+ 7. Nbxd2 c5 8. Bg2 Bb7 9. O-O cxd4 10. Nxd4 Bxg2 11. Kxg2 a6 12. e4 Qc7 13. b3 O-O 14. Qd3 d6 15. Rac1 Nbd7 16. Rfd1 Rfd8 17. Qe2 Rab8 18.
b4 Ne5 19. a3 Qb7 20. f3 Rbc8 21. a4 Re8 22. b5 a5 23. f4 Ned7 24. Nc6 Nc5 25.
Qf3 e5 26. fxe5 dxe5 27. Rf1 Rxc6 28. bxc6 Qxc6 29. Rcd1 Ne6 30. Nb3 Qxa4 31. Rd6 Qxc4 32. Rxb6 a4 33. Na5 Qc5 34. Ra6 Qb5 35. Ra7 Nd4 36.
Qf2 Qb6 37. Nc4 Qxa7 38. Rb1 Nxe4 39. Qe3 Nf6 0-1

[Event "*** SCC Grand Prix: Titled Tuesday Blitz"]
[Site "Chess.com"]
[Date "2020.08.25"]
[Round "7"]
[White "tteshan"]
[Black "ChessyInstinct"]
[Result "1-0"]
[WhiteElo "2361"]
[BlackElo "2479"]
[TimeControl "180+1"]
[EndTime "11:20:04 PDT"]
[Termination "tteshan won by checkmate"]

1. e4 d5 2. exd5 Qxd5 3. Nc3 Qd6 4. d4 c6 5. Be3 Nf6 6. Qd2 Bf5 7. Bf4 Qd8 8. Nf3 e6 9. h3 Bb4 10. Bd3 Ne4 11.
Bxe4 Bxe4 12. a3 Bxc3 13. Qxc3 Bxf3 14. gxf3 Nd7 15. Rg1 Qf6 16. Qe3 O-O-O 17. Bg5 Qf5 18. Bxd8 Rxd8 19. O-O-O g6 20. h4 Nf6 21. Rg5 Qh3 22. Ra5 Nd5 23. Qb3 a6 24. c4 Nc7 25.
h5 Qh4 26. hxg6 hxg6 27. Qe3 Ne8 28. d5 Qxc4+ 29. Kb1 exd5 30. Rc1 Qh4 31. Qb6 Nc7 32. Ka2 Qf6 33. Ra4 Qe6 34. Rb4 Nb5 35. a4 d4+ 36.
Ka1 d3 37. axb5 d2 38. Rd1 Qe2 39. Rxd2 Qxd2 40. bxc6 Qd1+ 41. Ka2 Qd5+ 42. Rb3 bxc6 43. Qb7# 1-0

[Event "*** SCC Grand Prix: Titled Tuesday Blitz"]
[Site "Chess.com"]
[Date "2020.08.25"]
[Round "7"]
[White "XiaoKangZhong"]
[Black "QuintilianoR"]
[Result "0-1"]
[WhiteElo "2417"]
[BlackElo "2607"]
[TimeControl "180+1"]
[EndTime "11:20:06 PDT"]
[Termination "QuintilianoR won by resignation"]

1. e4 c5 2. c3 Nf6 3. e5 Nd5 4. d4 cxd4 5. Nf3 e6 6. cxd4 d6 7.
Bc4 Nc6 8. Bxd5 exd5 9. O-O Be7 10. Nc3 Be6 11. Re1 O-O 12. Nb5 dxe5 13. dxe5 Bg4 14.
Bf4 Bb4 15. Re3 Bc5 16. Rb3 Qe7 17. Qxd5 Be6 18. Qe4 Bxb3 19. axb3 a6 20. Nc3 Rad8 21. Bg5 f6 22. Qc4+ Kh8 23. exf6 gxf6 24. Bh6 Rfe8 25. Nd5 Qe6 26. Rd1 Bf8 27. Bxf8 Rxf8 28. Nc3 Rxd1+ 29. Nxd1 Qxc4 30. bxc4 Na5 31. Ne3 Rd8 32. Kf1 Rd3 33.
Ke2 Rb3 34. Nd5 Rxb2+ 35. Ke1 Nxc4 36. Nxf6 a5 37. Nd5 a4 38. Nc3 a3 39. Ne5 a2 40.
Nxa2 Nxe5 0-1

[Event "*** SCC Grand Prix: Titled Tuesday Blitz"]
[Site "Chess.com"]
[Date "2020.08.25"]
[Round "7"]
[White "guillembaches"]
[Black "Spalir"]
[Result "1/2-1/2"]
[WhiteElo "2420"]
[BlackElo "2580"]
[TimeControl "180+1"]
[EndTime "11:20:06 PDT"]
[Termination "Game drawn - insufficient material"]

1. e4 e6 2. Nf3 d5 3. exd5 exd5 4.
d4 Nf6 5. Bd3 Bd6 6. O-O O-O 7.
h3 h6 8. c4 dxc4 9. Bxc4 Nc6 10. Nc3 Bf5 11. Re1 a6 12. d5 Ne7 13. Nd4 Bg6 14. Qf3 Qd7 15. Bxh6 Bh5 16. g4 Nxg4 17. hxg4 Bxg4 18. Qg2 gxh6 19. f3 Kh8 20. fxg4 Rg8 21. Be2 Bc5 22. Rad1 Nf5 23. Qe4 Rae8 24. Qf4 Rg5 25.
Kh1 Nxd4 26. Rxd4 Bxd4 27. Qxd4+ Kg8 28. Rf1 c6 29. Bf3 h5 30. Ne4 Rxe4 31. Qxe4 cxd5 32. Qf4 Rg6 33. Rg1 hxg4 34. Rxg4 Qb5 35. Rxg6+ fxg6 36. Kg2 Qxb2+ 37. Kg3 Qxa2 38. Qb8+ Kg7 39. Qxb7+ Kh6 40. Qxd5 Qxd5 41. Bxd5 Kg5 42. Ba2 a5 43. Bb3 Kf6 44.
Ba2 Ke5 45. Bb3 Kd4 46. Kg4 Kc3 47. Bf7 a4 48. Kg5 a3 49. Kxg6 Kb2 50. Be6 Kb1 51. Bb3 a2 52. Bxa2+ 1/2-1/2

[Event "*** SCC Grand Prix: Titled Tuesday Blitz"]
[Site "Chess.com"]
[Date "2020.08.25"]
[Round "7"]
[White "sergeikim"]
[Black "markberk"]
[Result "1-0"]
[WhiteElo "2507"]
[BlackElo "2359"]
[TimeControl "180+1"]
[EndTime "11:20:06 PDT"]
[Termination "sergeikim won on time"]

1. d4 Nf6 2. c4 e6 3. Nc3 Bb4 4.
Qc2 d5 5. a3 Bxc3+ 6. Qxc3 O-O 7. Nf3 dxc4 8. Qxc4 b6 9. g3 Ba6 10. Qc2 Nbd7 11. Qc6 Rb8 12. Bg2 Bb7 13. Qa4 c5 14.
O-O cxd4 15. Qxd4 Nc5 16. Bf4 Nb3 17. Qa4 Nxa1 18. Bxb8 Qxb8 19. Rxa1 Rd8 20. Nd4 Bxg2 21. Kxg2 Qb7+ 22. f3 Nd5 23. Rc1 h6 24. Kf2 a6 25.
Qc6 Qe7 26. e4 Nf4 27. gxf4 Rxd4 28. Ke3 Rd6 29. Qc7 Rd7 30. Qxb6 Qh4 31. Qc6 Rd8 32. Qc2 e5 33. fxe5 Qg5+ 34. f4 Qh4 35.
Rf1 Qg4 36. Qe2 Qe6 37. Rd1 Qb3+ 38. Rd3 Qb6+ 39. Kf3 Rxd3+ 40. Qxd3 Qxb2 41. Qe3 1-0